 Dungeon Crawl Stone Soup version 0.31-b1-20-g67cafac56d (webtiles) character file.

Game seed: 2866408307077267330

706 PaiMei the Trooper (level 7, -3/63 HPs)
             Began as a Hill Orc Fighter on Jan 18, 2024.
             Was a Follower of Beogh.
             Slain by Menkaure (15 damage)
             ... on level 5 of the Dungeon.
             The game lasted 00:04:55 (3186 turns).

PaiMei the Trooper (Hill Orc Fighter)               Turns: 3186, Time: 00:04:55

Health: -3/63      AC:  8    Str: 21    XL:     7   Next: 67%
Magic:  7/7        EV: 10    Int:  8    God:    Beogh [*.....]
Gold:   315        SH:  5    Dex: 10    Spells: 6/6 levels left

rFire   + . .        a - +0 war axe
rCold   . . .        c - +0 buckler
rNeg    . . .        i - +1 ring mail of Elyvilon's Grace {rElec rPois}
rPois   +            (no helmet)
rElec   +            (no cloak)
rCorr   .            (no gloves)
SInv    .            f - +0 pair of boots
Will    .....        (no amulet) Stlth
                     h - ring of protection from fire
HPRegen 0.30/turn    (no ring)
MPRegen 0.10/turn

%: no passive effects
@: no status effects
A: no striking features
a: Renounce Religion


You were on level 5 of the Dungeon.
You worshipped Beogh.
Beogh was aware of your devotion.
You visited 1 branch of the dungeon, and saw 5 of its levels.

You collected 315 gold pieces.

Inventory:

Hand Weapons
 a - a +0 war axe (weapon)
Missiles
 m - 5 poisoned darts
 t - 6 atropa-tipped darts (quivered)
Armour
 c - a +0 buckler (worn)
 f - a +0 pair of boots (worn)
 i - the +1 ring mail of Elyvilon's Grace (worn) {rElec rPois}
   (You found it on level 2 of the Dungeon)

   rElec:     It insulates you from electricity.
   rPois:     It protects you from poison
Jewellery
 h - a ring of protection from fire (left hand)
 k - a ring of protection from fire
Wands
 n - a wand of flame (16)
Scrolls
 b - a scroll of revelation {unknown}
 q - a scroll of immolation {unknown}
 r - a scroll of identify {unknown}
 s - a scroll of enchant weapon {unknown}
 u - 3 scrolls of teleportation {unknown}
Potions
 d - a potion of might
 e - a potion of lignification {unknown}
 g - a potion of curing {unknown}
 j - a potion of attraction {unknown}
 l - a potion of invisibility {unknown}
 o - 3 potions of degeneration {unknown}
 p - a potion of resistance {unknown}


   Skills:
 + Level 6.1 Fighting
 + Level 5.9 Axes
 + Level 5.5 Armour
 + Level 5.5 Shields


You had 6 spell levels left.
You didn't know any spells.
Your spell library contained the following spells:

 Spells                   Type           Power      Damage    Failure   Level
 Ensorcelled Hibernation  Hex/Ice        0%         N/A       77%         2
 Lesser Beckoning         Tloc           0%         N/A       77%         2
 Gell's Gravitas          Tloc           0%         N/A       94%         3
 Passwall                 Erth           0%         N/A       94%         3
 Swiftness                Air            0%         N/A       94%         3
 Teleport Other           Tloc           0%         N/A       94%         3
 Animate Armour           Summ/Erth      0%         N/A       100%        4
 Summon Lightning Spire   Summ/Air       0%         N/A       100%        4
 Lee's Rapid Deconstruct  Erth           0%         3d4*      100%        5


Dungeon Overview and Level Annotations

Branches:
Dungeon (5/15)
 Temple: D:4-7

Altars:
Xom

Annotations:
D:3 1 runed translucent door, Crazy Yiuf
D:5 Menkaure


Message History

Found a quarterstaff.
You now have 315 gold pieces (gained 11).
An adder comes into view.
The adder hisses angrily.
The adder moves out of view.
Found an escape hatch in the floor.
Menkaure, Prince of Dust comes into view.
Menkaure shouts!
Menkaure moves out of view.
You see here a +0 quarterstaff.
The adder barely misses you. The adder closely misses you.
The adder bites you but does no damage. The adder bites you.
You barely miss Menkaure. You closely miss the adder.
The adder bites you but does no damage. Menkaure hits you.
You hit Menkaure but do no damage. You hit the adder.
The adder bites you but does no damage.
Menkaure casts a spell.
Menkaure seems to speed up.
The adder bites you but does no damage.
You barely miss Menkaure. You hit the adder. You block the adder's attack.
Menkaure's ankle releases a plume of dust as he confides, "I'm not really a mummy, you know."
You block Menkaure's attack. The adder bites you.
You hit Menkaure.
Menkaure is lightly damaged.
You closely miss the adder. Menkaure hits you but does no damage.
The adder bites you but does no damage.
Menkaure calls on the powers of darkness!
Your body is wracked with pain!
The adder convulses!
You slash Menkaure!
Menkaure is heavily damaged.
You miss the adder. You block the adder's attack. Menkaure hits you!!
* * * LOW HITPOINT WARNING * * *
The adder misses you.
You hit Menkaure but do no damage.
Menkaure is heavily damaged.
You hit the adder.
You kill the adder!
Beogh accepts your kill. Menkaure hits you!
You die...

#.#...# #.>....##.....
#.#...######......#....# #
..................#.#..#.#
..................#......#
..#...................#
..:...............#.#.#
.####.....#.....#.#.).# ##
#.#########.#†...## #.#
#..@.#.## .. .......#M#.#
##. ##..........
#.##........ .. .......###
. ......... #.######### #.


You could see Menkaure (fast).

Vanquished Creatures
  An ice beast (D:5)
  A scorpion (D:5)
  4 crimson imps (D:4)
  A hound (D:4)
  A jelly (D:5)
  An orc priest (D:4)
  Natasha (thrice) (D:3)
  3 iguanas
  An orc wizard (D:3)
  7 adders
  3 gnolls (D:3)
  4 dart slugs
  3 ribbon worms
  10 orcs
  4 bats
  8 endoplasms
  4 goblins
  A hobgoblin (D:2)
  7 kobolds
  A quokka (D:4)
  2 ball pythons
  4 frilled lizards
  2 rats (D:2)
76 creatures vanquished.

Vanquished Creatures (others)
  3 ghouls (D:1)
  An octopode (D:1)
  An armataur (D:1)
  A vine stalker (D:1)
  A djinni (D:1)
  An elf (D:1)
  2 nagas (D:1)
  An oni (D:1)
  A felid (D:1)
  2 barachim (D:1)
  A mummy (D:1)
  6 tentacles (D:1)
21 creatures vanquished.

Grand Total: 97 creatures vanquished

Notes
Turn   | Place    | Note
-------+----------+-------------------------------------------
     0 | D:1      | PaiMei the Hill Orc Fighter began the quest for the Orb.
     0 | D:1      | Reached XP level 1. HP: 19/19 MP: 1/1
     2 | D:1      | Noticed a ghoul
     2 | D:1      | Noticed a barachi
     2 | D:1      | Noticed a felid
     2 | D:1      | Noticed an oni
     2 | D:1      | Noticed an armataur
     2 | D:1      | Noticed a naga
     2 | D:1      | Noticed a vine stalker
     2 | D:1      | Noticed a kraken
     2 | D:1      | Noticed an elf
     2 | D:1      | Noticed a ghoul
     2 | D:1      | Noticed a djinni
     2 | D:1      | Noticed a barachi
     2 | D:1      | Noticed a naga
     2 | D:1      | Noticed a ghoul
     2 | D:1      | Noticed an octopode
     7 | D:1      | Killed a barachi
     7 | D:1      | Killed a barachi
     8 | D:1      | Killed a djinni
     9 | D:1      | Killed a vine stalker
    10 | D:1      | Killed a ghoul
    11 | D:1      | Killed a naga
    11 | D:1      | Killed a naga
    12 | D:1      | Killed an elf
    12 | D:1      | Killed an octopode
    14 | D:1      | Killed an oni
    16 | D:1      | Killed a ghoul
    18 | D:1      | Killed a felid
    19 | D:1      | Killed an armataur
    21 | D:1      | Killed a ghoul
    79 | D:1      | You fall into a shaft and drop 1 floor!
   142 | D:2      | Reached XP level 2. HP: 11/27 MP: 2/2
   264 | D:2      | Reached skill level 4 in Fighting
   264 | D:2      | Reached XP level 3. HP: 31/33 MP: 3/3
   410 | D:2      | Identified the +1 ring mail of Elyvilon's Grace {rElec
                  | rPois}
   641 | D:2      | Reached XP level 4. HP: 40/40 MP: 4/4
   896 | D:3      | Became a worshipper of Beogh the Brigand
  1128 | D:3      | Noticed Natasha
  1136 | D:3      | Killed Natasha
  1137 | D:3      | Reached XP level 5. HP: 26/47 MP: 5/5
  1152 | D:3      | Noticed Natasha
  1183 | D:3      | Killed Natasha
  1306 | D:3      | Noticed Natasha
  1502 | D:3      | Found a runed translucent door.
  1503 | D:3      | Noticed Crazy Yiuf
  1566 | D:3      | Found a faded altar of an unknown god.
  1911 | D:3      | Killed Natasha
  2019 | D:4      | Reached skill level 5 in Fighting
  2019 | D:4      | Reached XP level 6. HP: 25/56 MP: 6/6
  2417 | D:4      | Found a shimmering altar of Xom.
  2438 | D:4      | Reached skill level 5 in Axes
  2449 | D:4      | Reached skill level 5 in Armour
  2449 | D:4      | Reached skill level 5 in Shields
  2545 | D:4      | Reached * piety under Beogh
  2550 | D:4      | Reached XP level 7. HP: 61/61 MP: 7/7
  3078 | D:5      | Entered Level 5 of the Dungeon
  3158 | D:5      | Reached skill level 6 in Fighting
  3176 | D:5      | Noticed Menkaure
  3186 | D:5      | Slain by Menkaure

Illustrated notes

Levels and vault maps discovered:
D:1:      nicolae_arrival_kraken_aquarium_b, layout_basic
D:2:      layout_loops_cross
D:3:      layout_loops_cross, basic_ecumenical_altar,
          chequers_hall_statues_wall_a, serial_bayou_lagoon_a,
          corexii_corridor_pit, uniq_crazy_yiuf_cottage, uniq_natasha
D:4:      layout_cave_pods, led_xom_imps, minmay_ruptured
D:5:      dreamdust_elfheim, layout_rooms, mainiacjoe_overflow_alcove_2,
          lemuel_round_altar, minivault_27, roderic_roman_lattice, uniq_menkaure

Skill      XL: |  1  2  3  4  5  6  7 |
---------------+----------------------+-----
Axes           | 3 4 5 |  5.9
Fighting       | 4 5 6 |  6.1
Shields        | 4 5 |  5.5
Armour         | 4 5 |  5.5

Action                     |  1- 3 |  4- 6 |  7- 9 || total
---------------------------+-------+-------+-------++-------
  Melee: War axe           |    80 |   163 |    55 ||   298
 Invoke: Convert to Beogh  |       |     1 |       ||     1
 Armour: Scale mail        |    49 |       |       ||    49
         Ring mail         |    27 |   151 |    45 ||   223
  Dodge: Dodged            |    42 |    85 |    22 ||   149
  Block: Buckler           |    17 |    31 |    10 ||    58
